 Dungeon Crawl Stone Soup version 0.28.0-53-g5a82cb258f (webtiles) character file.

Game seed: 17424289882876820916

255 protoss039 the Digger (level 5, 0/34 (41) HPs)
             Began as a Demonspawn Earth Elementalist on June 7, 2022.
             Succumbed to a kobold brigand's poison
             ... on level 3 of the Dungeon.
             The game lasted 00:05:06 (3797 turns).

protoss039 the Digger (DsEE)                        Turns: 3797, Time: 00:05:06

HP:   0/34 (41)     AC:  5    Str:  8    XL:     5   Next: 91%
MP:   3/9           EV: 11    Int: 19    God:
Gold: 68            SH:  0    Dex: 13    Spells: 3/9 levels left

rFire   . . .      SeeInvis .   a - +0 club
rCold   . . .      Faith    .   (no shield)
rNeg    . . .      Spirit   .   h - +0 leather armour
rPois   .          Reflect  .   (no helmet)
rElec   .          Harm     .   j - +0 cloak
rCorr   .          Rampage  .   i - +0 pair of gloves
Will    .....                   (no boots)
Stlth   ++........              (no amulet)
HPRegen 0.11/turn               (no ring)
MPRegen 0.11/turn               (no ring)

@: lethally poisoned (0 -> -2), about to teleport, very slightly contaminated,
heavily drained
A: powered by death 2, powered by pain 1
a: no special abilities


You were on level 3 of the Dungeon.
You visited 1 branch of the dungeon, and saw 3 of its levels.

You collected 68 gold pieces.

Inventory:

Hand Weapons
 a - a +0 club (weapon)
Missiles
 c - 43 stones
Armour
 h - a +0 leather armour (worn)
 i - a +0 pair of gloves (worn)
 j - a +0 cloak (worn)
Scrolls
 b - 2 scrolls of blinking
 d - a scroll of amnesia {unknown}
 e - a scroll of vulnerability {unknown}
 f - a scroll of noise {unknown}
 g - 2 scrolls of teleportation


   Skills:
 * Level 3.2 Fighting
 + Level 1.8 Armour
 - Level 1.7 Dodging
 - Level 1.7 Stealth
 + Level 2.9 Spellcasting
 * Level 1.9 Conjurations
 - Level 1.0 Transmutations
 + Level 3.4 Earth Magic


You had 3 spell levels left.
You knew the following spells:

 Your Spells              Type           Power      Damage    Failure   Level
a - Sandblast             Erth           30%        2d9       5%          1
b - Passwall              Tmut/Erth      9%         N/A       13%         2
c - Stone Arrow           Conj/Erth      26%        3d8       22%         3

Your spell library contained the following spells:

 Spells                   Type           Power      Damage    Failure   Level
 Ensorcelled Hibernation  Hex/Ice        4%         N/A       32%         2
 Spider Form              Tmut/Pois      4%         N/A       47%         3
 Petrify                  Tmut/Erth      11%        N/A       65%         4
 Animate Armour           Summ/Erth      18%        N/A       71%         4
 Anguish                  Hex/Necr       1%         N/A       91%         4
 Lehudib's Crystal Spear  Conj/Erth      6%         10d3      100%        8


Dungeon Overview and Level Annotations

Branches:
Dungeon (3/15)

Altars:

Shops:
D:1 (


Innate Abilities, Weirdness & Mutations

You regenerate health from kills.
You sometimes gain a little power by taking damage.


Message History

Casting: Stone Arrow (quite dangerous; 22% risk of failure)
Confirm with . or Enter, or press ? or * to list all spells.
The spell is quite dangerous to miscast (22% risk of failure)!
Continue anyway?
Aiming: Stone Arrow (quite dangerous; 22% risk of failure)
Press: ? - help, Shift-Dir - straight line, f/p - kobold brigand
Aim: a kobold brigand, wielding a +2 dagger of draining, wearing a +0 ring mail and quivering poisoned darts (64% to hit)
The stone arrow hits the kobold brigand.
The kobold brigand is moderately wounded.
* * * LOW HITPOINT WARNING * * *
You feel sick.
Unknown command.
Unknown command.
You aren't carrying any potions.
Blink to where?
Press: ? - help, Dir - move target, p - kobold brigand
As you read the scroll labelled BEGOUS DUODDEDGH, it crumbles to dust.
It was a scroll of blinking.
* * * LOW HITPOINT WARNING * * *
You feel sick.
Unknown command.
Unknown command.
Unknown command.
As you read the scroll labelled HOGIEL APNAEFF, it crumbles to dust.
You feel strangely unstable.
It was a scroll of teleportation.
* * * LOW HITPOINT WARNING * * *
You feel sick.
Unknown command.
Unknown command.
Unknown command.
You aren't carrying any potions.
Okay, then.
You aren't carrying any items that you can evoke.
Okay, then.
You aren't carrying any pieces of jewellery.
Unknown command.
Casting: Stone Arrow (quite dangerous; 22% risk of failure)
Confirm with . or Enter, or press ? or * to list all spells.
The spell is quite dangerous to miscast (22% risk of failure)!
Continue anyway?
Okay, then.
You die...

###.#..#########.#
....#..........#.#
#####..#####...#.#
# #..........#K# #
#..<...#...#.# #
#..######..#.# #
#..........#.# #
#.########.#[# #
#..........#@#
############.#
.........#
##########


You could see a kobold brigand.

Vanquished Creatures
  Pargi (D:3)
  An orc priest (D:3)
  Crazy Yiuf (D:2)
  An orc wizard (D:3)
  A gnoll (D:1)
  An adder (D:2)
  A worm (D:2)
  A dart slug (D:3)
  3 orcs (D:3)
  3 endoplasms
  3 giant cockroaches (D:2)
  3 goblins (D:1)
  5 hobgoblins
  5 jackals
  3 quokkas
  5 ball pythons
  4 bats
  6 frilled lizards
  4 kobolds
  3 rats
55 creatures vanquished.

Vanquished Creatures (others)
  2 fungi (D:2)
2 creatures vanquished.

Grand Total: 57 creatures vanquished

Notes
Turn   | Place    | Note
-------+----------+-------------------------------------------
     0 | D:1      | protoss039 the Demonspawn Earth Elementalist began the
                  | quest for the Orb.
     0 | D:1      | Reached XP level 1. HP: 13/13 MP: 3/3
    48 | D:1      | Reached skill level 1 in Transmutations
   151 | D:1      | Found Quboedgh's Antique Weapon Boutique.
   461 | D:1      | Gained mutation: You sometimes gain a little power by
                  | taking damage. [demonic ancestry]
   461 | D:1      | Reached XP level 2. HP: 20/20 MP: 3/5
   559 | D:1      | Found a faded altar of an unknown god.
   707 | D:1      | Reached skill level 1 in Fighting
   943 | D:1      | Reached XP level 3. HP: 7/26 MP: 2/6
  1440 | D:2      | Reached skill level 1 in Armour
  2272 | D:2      | Found a runed translucent door.
  2370 | D:2      | Noticed Crazy Yiuf
  2771 | D:2      | Killed Crazy Yiuf
  2772 | D:2      | Gained mutation: You regenerate a little health from kills.
                  | [demonic ancestry]
  2772 | D:2      | Reached XP level 4. HP: 5/34 MP: 0/7
  3097 | D:3      | Learned a level 2 spell: Passwall
  3101 | D:3      | Learned a level 3 spell: Stone Arrow
  3253 | D:3      | Reached skill level 1 in Conjurations
  3253 | D:3      | Gained mutation: You regenerate health from kills. [demonic
                  | ancestry]
  3253 | D:3      | Reached XP level 5. HP: 36/39 MP: 2/9
  3623 | D:3      | Noticed Pargi
  3628 | D:3      | Killed Pargi
  3796 | D:3      | HP: 1/34 [poisoned by a kobold brigand]
  3797 | D:3      | Succumbed to a kobold brigand's poison

Illustrated notes

Levels and vault maps discovered:
D:1:      elethiomel_arrival_shortcut, layout_loops_ring,
          hellmonk_ecumenical_altar_crossroads, serial_shops,
          nicolae_shop_overgrown_old_shop, minmay_distorted
D:2:      layout_loops_corners, uniq_crazy_yiuf_cottage
D:3:      cheibrodos_thug_alley, layout_basic, uniq_pargi

Skill      XL: |  1  2  3  4  5 |
---------------+----------------+-----
Transmutations | 1 |  1.0
Fighting       | 1 2 3 |  3.2
Earth Magic    | 3 |  3.4
Armour         | 1 |  1.8
Conjurations   | 1 |  1.9
Dodging        | |  1.7
Stealth        | |  1.7
Spellcasting   | |  2.9

Action                   |  1- 3 |  4- 6 || total
-------------------------+-------+-------++-------
Melee: Club              |    82 |    45 ||   127
       Punch             |       |     2 ||     2
 Cast: Sandblast         |    37 |    31 ||    68
       Stone Arrow       |       |     1 ||     1
  Use: Scroll            |       |     2 ||     2
       Potion            |       |     2 ||     2
 Stab: Sleeping          |     1 |     2 ||     3
Armor: Robe              |     9 |       ||     9
       Leather armour    |    19 |    26 ||    45
Dodge: Dodged            |    79 |    43 ||   122
